 Dungeon Crawl Stone Soup version 0.30-a0-170-g85af917532 (webtiles) character file.

Game seed: 4639225953077655457

279 jlumianski the Chopper (level 6, -14/47 HPs)
             Began as a Demonspawn Gladiator on Oct 1, 2022.
             Demolished by an ogre
             ... wielding a +0 giant club
              (23 damage)
             ... on level 4 of the Dungeon.
             The game lasted 00:13:24 (3466 turns).

jlumianski the Chopper (Demonspawn Gladiator)       Turns: 3466, Time: 00:13:25

Health: -14/47     AC: 13    Str: 22    XL:     6   Next: 5%
Magic:  6/6        EV:  5    Int:  9    God:
Gold:   213        SH: 11    Dex: 15    Spells: 5/5 levels left

rFire   . . .      SeeInvis .    a - +0 war axe
rCold   . . .      Faith    .    s - +0 tower shield
rNeg    . . .      Spirit   .    p - +0 chain mail
rPois   .          Reflect  .    (helmet restricted)
rElec   .          Harm     .    (no cloak)
rCorr   .          Rampage  .    g - +1 pair of gloves {hurl}
Will    .....                    h - +0 pair of boots
Stlth   ..........               v - amulet of the acrobat
HPRegen 0.15/turn                B - +6 ring of strength
MPRegen 0.10/turn                (no ring)

@: no status effects
A: antennae 1, yellow scales 1, spiny 1
a: no special abilities


You were on level 4 of the Dungeon.
You visited 1 branch of the dungeon, and saw 4 of its levels.

You collected 213 gold pieces.

Inventory:

Hand Weapons
 a - a +0 war axe (weapon)
Missiles
 d - 3 throwing nets (quivered)
 i - 4 boomerangs of dispersal
Armour
 b - a +0 leather armour
 c - a +0 helmet
 g - a +1 pair of gloves of hurling (worn)
 h - a +0 pair of boots (worn)
 p - a +0 chain mail (worn)
 s - a +0 tower shield (worn)
Jewellery
 v - an amulet of the acrobat (around neck)
 A - an amulet of magic regeneration
 B - a +6 ring of strength (left hand)
Scrolls
 l - a scroll of fear
 m - 3 scrolls of noise
 r - 2 scrolls of teleportation
 t - 3 scrolls of blinking
 w - a scroll of magic mapping
 y - a scroll of vulnerability
 z - a scroll of immolation
Potions
 f - a potion of heal wounds
 j - 3 potions of curing
 n - a potion of ambrosia
 o - 3 potions of degeneration
 q - 3 potions of mutation
 u - a potion of haste
 x - a potion of resistance


   Skills:
 + Level 3.0 Fighting
 + Level 4.3 Axes
 + Level 1.8 Throwing
 + Level 2.1 Armour
 + Level 3.3 Dodging
 - Level 1.0 Stealth
 + Level 1.2 Shields


You had 5 spell levels left.
You didn't know any spells.
Your spell library was empty.

Dungeon Overview and Level Annotations

Branches:
Dungeon (4/15)
 Temple: D:4-7

Altars:


Innate Abilities, Weirdness & Mutations

You have a pair of small antennae on your head.
You are partially covered in yellow scales. (AC +2)
You are partially covered in sharp spines.


Message History

There is an open door here.
There is a stone staircase leading down here.
You climb downwards.
There is a stone staircase leading up here.
You sense a monster nearby.
You feel your willpower return.
A hobgoblin comes into view.
Found a potion of curing and a scroll labelled EWNIGG COJUCW.
An ogre comes into view. It is wielding a +0 giant club.
The ogre shouts!
Your extra speed is starting to run out.
Found an escape hatch in the ceiling.
You feel yourself slow down.
Throw: javelin
Press: ? - help, Q - select action, (/) - cycle Shift-Dir - straight line, f - hobgoblin
Aim: a hobgoblin (64% to hit)
You throw a javelin.
The javelin closely misses the hobgoblin.
The javelin closely misses the ogre.
The hobgoblin hits you but does no damage.
You aren't carrying any items that you can evoke.
Unknown command.
You slash the hobgoblin!
You kill the hobgoblin!
The ogre hits you with a +0 giant club!
You barely miss the ogre. The ogre is struck by your spines.
The ogre hits you but does no damage.
You slash the ogre!
The ogre is moderately wounded.
You block the ogre's attack.
You barely miss the ogre.
The ogre is moderately wounded.
The ogre is struck by your spines.
The ogre hits you with a +0 giant club!!
Ouch! That really hurt!
* * * LOW HITPOINT WARNING * * *
You closely miss the ogre.
The ogre is heavily wounded.
The ogre hits you with a +0 giant club!!
You die...

#. #.#.##.#.#
#....... # #.
#......#.#..#
#....#+# #
#..#.######.#..#
####.
#...........#..# #
#.#..........# ..#
.............+ ..#
###..........###.#
.........O...!##.#
####..........##@#
#......?...##O#
#..........##.#
........#####g##.#
........ #.##.#
...<.... #.##.#
....... #...(# #..
###### ..


You could see an ogre.

Vanquished Creatures
  Natasha (thrice) (D:3)
  An iguana (D:3)
  4 gnolls (D:2)
  9 adders
  A worm (D:2)
  2 dart slugs
  4 endoplasms
  4 giant cockroaches
  A goblin (D:2)
  4 hobgoblins
  3 jackals (D:1)
  2 quokkas
  7 ball pythons
  8 bats
  2 frilled lizards
  4 kobolds
  4 rats
63 creatures vanquished.

Notes
Turn   | Place    | Note
-------+----------+-------------------------------------------
     0 | D:1      | jlumianski the Demonspawn Gladiator began the quest for the
                  | Orb.
     0 | D:1      | Reached XP level 1. HP: 16/16 MP: 1/1
   409 | D:1      | Gained mutation: You are partially covered in sharp spines.
                  | [demonic ancestry]
   409 | D:1      | Reached XP level 2. HP: 22/22 MP: 2/2
   753 | D:1      | Found a faded altar of an unknown god.
   784 | D:1      | Reached skill level 3 in Axes
   958 | D:2      | Reached XP level 3. HP: 4/27 MP: 3/3
  1303 | D:2      | Reached skill level 1 in Armour
  1423 | D:2      | Gained mutation: You are partially covered in yellow
                  | scales. (AC +2) [demonic ancestry]
  1423 | D:2      | Reached XP level 4. HP: 34/34 MP: 4/4
  2115 | D:3      | Gained mutation: You have a pair of small antennae on your
                  | head. [demonic ancestry]
  2115 | D:3      | Reached XP level 5. HP: 39/39 MP: 5/5
  2582 | D:3      | Reached skill level 4 in Axes
  2754 | D:3      | Reached skill level 1 in Stealth
  2865 | D:3      | Noticed Natasha
  2881 | D:3      | Killed Natasha
  3229 | D:3      | Noticed Natasha
  3238 | D:3      | Killed Natasha
  3239 | D:3      | Reached skill level 1 in Shields
  3319 | D:3      | Noticed Natasha
  3326 | D:3      | Killed Natasha
  3327 | D:3      | Reached XP level 6. HP: 44/47 MP: 6/6
  3380 | D:3      | Identified a scroll of acquirement
  3381 | D:3      | Acquired a +1 pair of gloves of hurling
  3466 | D:4      | Demolished by an ogre

Illustrated notes

Levels and vault maps discovered:
D:1:      amcnicky_arrival_choice, layout_rooms, ebering_ecumenical_altar_rust
D:2:      layout_loops_ring
D:3:      layout_loops_corners, uniq_natasha
D:4:      layout_basic

Skill      XL: |  1  2  3  4  5 |
---------------+----------------+-----
Dodging        | 3 |  3.3
Axes           | 3 4 |  4.3
Armour         | 1 2 |  2.1
Stealth        | 1 |  1.0
Shields        | 1 |  1.2
Fighting       | 3 |  3.0
Throwing       | |  1.8

Action                   |  1- 3 |  4- 6 || total
-------------------------+-------+-------++-------
Melee: War axe           |    76 |    88 ||   164
       Punch             |     1 |       ||     1
Throw: Javelin           |       |     3 ||     3
  Use: Scroll            |       |    15 ||    15
       Potion            |       |     1 ||     1
Armor: Leather armour    |    29 |     4 ||    33
       Chain mail        |       |    64 ||    64
Dodge: Dodged            |    61 |    24 ||    85
Block: Tower shield      |       |    44 ||    44

Table legend: (Time is in decaauts)
 A = Elapsed time spent in this place.
 B = Non-inter-level travel time spent in this place.
 C = Inter-level travel time spent in this place.
 D = Time resting spent in this place.
 E = Time spent auto-exploring this place.
 F = Levels seen in this place.
 G = Mean time per level.
                   A        B        C        D        E       F      G
               +--------+--------+--------+--------+--------+-----+--------+
         Total |   3564 |   3519 |     45 |    796 |   1241 |   4 |  891.0 |
       Dungeon |   3564 |   3519 |     45 |    796 |   1241 |   4 |  891.0 |
               +--------+--------+--------+--------+--------+-----+--------+

Top non-repeatable levels by time:
     D:3: 1356 daAuts
     D:1: 1134 daAuts
     D:2: 979 daAuts
     D:4: 94 daAuts
